Map: Orbital Shipyard

Players

CunningStunt - Winner!

  • Race: Protoss Protoss
  • League: Gold

BoomTT

  • Race: Terran Terran
  • League: Bronze

VOD

Have the link to the VOD?

Description

Time

  • Played on: Sept. 11, 2015, 12:58 a.m.
  • Length: 11:43
Show
View Real Time Build Order
Export as new Build Order

CunningStunt Protoss - Winner!

Build Orders: 1 Gate Expand 

Get SALT Encoding   

  12  0:00  Probe (Chrono Boost)  
  13  0:11  Probe (Chrono Boost)  
  14  0:18  Pylon  
  14  0:21  Probe (Chrono Boost)  
  15  0:35  Probe (Chrono Boost)  
  15  0:38  Gateway  
  16  0:45  Probe (Chrono Boost)  
  17  0:56  Probe (Chrono Boost)  
  18  1:13  Nexus  
  18  1:26  Assimilator  
  18  1:28  Cybernetics Core  
  18  1:31  Probe (Chrono Boost)  
  19  1:37  Assimilator  
  19  1:41  Probe (Chrono Boost)  
  20  1:51  Probe (Chrono Boost)  
  21  2:01  Probe (Chrono Boost)  
  22  2:11  Probe (Chrono Boost)  
  22  2:12  Pylon  
  23  2:18  Warp Gate  
  23  2:26  Probe x2 (Chrono Boost)  
  25  2:31  Adept (Chrono Boost)  
  25  2:36  Probe x2 (Chrono Boost)  
  29  2:45  Probe (Chrono Boost)  
  29  2:46  Probe (Chrono Boost), Robotics Facility  
  31  2:54  Probe  
  31  2:57  Probe, Adept (Chrono Boost)  
  35  3:04  Probe  
  35  3:09  Mothership Core (Chrono Boost)  
  35  3:11  Gateway  
  38  3:15  Probe (Chrono Boost)  
  39  3:28  Probe x2 (Chrono Boost)  
  39  3:30  Pylon  
  39  3:33  Warp Prism  
  43  3:40  Probe x2 (Chrono Boost)  
  45  3:49  Pylon  
  45  3:50  Probe x2 (Chrono Boost)  
  45  3:55  Gateway  
  47  3:57  Gateway  
  47  4:05  Probe (Chrono Boost)  
  47  4:06  Probe (Chrono Boost)  
  47  4:07  Twilight Council  
  47  4:08  Assimilator  
  49  4:13  Assimilator  
  49  4:16  Probe (Chrono Boost)  
  50  4:22  Probe (Chrono Boost)  
  51  4:26  Probe (Chrono Boost)  
  51  4:28  Adept x2  
  56  4:33  Probe (Chrono Boost)  
  56  4:36  Probe (Chrono Boost)  
  58  4:39  Pylon  
  58  4:43  Probe (Chrono Boost)  
  59  4:50  Observer  
  60  4:57  Pylon  
  60  5:06  Adept x4  
  66  5:14  Probe x2 (Chrono Boost)  
  68  5:24  Probe (Chrono Boost)  
  68  5:26  Immortal  
  73  5:31  Shield Upgrade  
  73  5:32  Gateway  
  73  5:36  Stalker x2, Gateway  
  77  5:46  Pylon  
  77  5:47  Nexus  
  77  5:49  Forge, Pylon  
  77  5:52  Pylon  
  75  6:09  Immortal  
  65  6:16  Probe x2 (Chrono Boost)  
  65  6:20  Protoss Ground Weapons Level 1 (Chrono Boost)  
  65  6:27  Probe  
  65  6:28  Stalker x4  
  65  6:29  Blink  
  74  6:34  Stalker x2  
  74  6:39  Probe  
  78  6:41  Probe  
  78  6:45  Pylon  
  80  6:47  Pylon  
  80  6:52  Immortal  
  80  6:53  Probe  
  85  7:01  Probe x2  
  85  7:05  Probe, Assimilator  
  88  7:11  Probe x2, Assimilator  
  88  7:13  Forge  
  88  7:14  Gateway  
  90  7:17  Probe, Pylon  
  90  7:19  Photon Cannon  
  90  7:21  Probe  
  91  7:26  Templar Archives  
  91  7:28  Probe  
  93  7:30  Probe  
  93  7:31  Probe  
  93  7:34  Immortal  
  99  7:39  Probe  
  99  7:42  Probe  
  101  7:44  Adept x3  
  101  7:45  Adept x2  
  111  8:03  Protoss Ground Armor Level 1 (Chrono Boost)  
  111  8:08  Protoss Ground Weapons Level 2 (Chrono Boost)  
  111  8:12  Psionic Storm  
  111  8:13  Gateway  
  111  8:19  Gateway  
  111  8:21  High Templar x5  
  122  8:27  Observer  
  122  8:53  Immortal  
  126  9:12  Nexus  
  126  9:13  Stalker x4  
  126  9:14  Stalker x2, Pylon  
  126  9:16  Pylon  
  138  9:18  Pylon  
  138  9:20  Pylon  
  138  9:25  Assimilator  
  137  9:37  Adept x6  
  137  9:38  Adept x2  
  153  10:07  Warp Prism  
  153  10:09  Zealot  
  153  10:10  Zealot x4  
  165  10:19  Pylon  
  165  10:20  Pylon  
  165  10:21  Pylon  
  165  10:22  Pylon  
  165  10:23  Pylon  
  165  10:25  Pylon  
  165  10:26  Pylon  
  138  11:13  Archon  
  138  11:18  Stalker x6  
  142  11:19  Stalker x2  
  148  11:30  Probe x2, Gateway  
  148  11:31  Gateway  
  148  11:32  Gateway x2  
  150  11:34  Pylon x3  
  150  11:35  Pylon  
Show
View Real Time Build Order
Export as new Build Order

BoomTT Terran 

Build Orders: MMM Bio 

Get SALT Encoding   

  12  0:03  SCV  
  13  0:15  SCV  
  13  0:18  Supply Depot  
  14  0:27  SCV  
  15  0:40  SCV  
  16  0:45  Barracks  
  16  0:52  SCV  
  17  0:57  Barracks  
  17  1:07  SCV  
  18  1:19  SCV  
  19  1:34  Command Center  
  19  1:37  Marine  
  20  1:42  Refinery  
  20  1:50  Orbital Command  
  20  2:01  Marine x2  
  20  2:05  Refinery  
  22  2:16  SCV  
  22  2:17  Barracks  
  23  2:26  Supply Depot  
  23  2:44  Supply Depot  
  23  2:45  SCV, Marine x2  
  23  2:49  SCV, Engineering Bay  
  27  3:03  Orbital Command  
  27  3:06  SCV  
  27  3:11  Marine  
  27  3:12  Barracks Tech Lab  
  29  3:13  Barracks Reactor  
  29  3:18  SCV  
  30  3:21  Factory  
  29  3:41  Marine  
  29  3:44  Combat Shields, Supply Depot  
  29  3:45  Bunker  
  29  3:47  SCV, Bunker  
  31  3:51  Marine  
  31  3:52  Marine  
  31  3:54  Marine  
  34  3:57  SCV  
  34  4:02  Terran Infantry Weapons Level 1  
  35  4:24  Starport  
  35  4:34  Marine x3  
  35  4:37  Marauder  
  40  4:40  Refinery  
  40  4:41  Refinery  
  40  4:48  SCV  
  40  4:50  Factory Tech Lab  
  41  4:53  SCV  
  42  5:00  SCV  
  42  5:06  Missile Turret  
  41  5:19  Armory, Marine x3  
  41  5:20  Banshee, Marauder  
  49  5:32  Widow Mine  
  49  5:34  SCV  
  52  5:36  Marine  
  52  5:37  Marine x2  
  55  5:48  Marine  
  56  5:54  Marine  
  51  6:06  Marauder  
  46  6:27  Orbital Command  
  46  6:30  Marine x3  
  49  6:45  Missile Turret  
  49  6:46  Stimpack, Missile Turret  
  49  6:47  SCV  
  49  6:48  Missile Turret  
  49  6:51  Cloaking Field  
  49  6:52  Command Center  
  50  6:55  Barracks Reactor, Barracks x2  
  50  6:59  SCV  
  51  7:06  Marine  
  51  7:07  Marine x2  
  54  7:09  Liberator  
  54  7:18  Starport  
  54  7:21  SCV x2  
  59  7:33  SCV  
  60  7:38  SCV, Missile Turret  
  60  7:40  Missile Turret  
  61  7:46  Barracks Tech Lab  
  61  7:47  Barracks Tech Lab  
  61  7:50  SCV  
  61  7:51  SCV  
  63  7:54  Terran Infantry Weapons Level 2  
  63  7:59  Medivac  
  63  8:02  SCV  
  66  8:08  Orbital Command  
  66  8:09  Marine x2  
  66  8:10  Marine  
  69  8:13  Factory Reactor  
  69  8:26  SCV x2  
  71  8:30  Refinery x2  
  71  8:34  Marine x2  
  71  8:35  Marine x2  
  71  8:36  Marauder x2  
  71  8:38  SCV  
  71  8:39  Marauder  
  82  8:43  Medivac  
  84  8:55  Marine  
  84  8:56  Marine x4  
  84  8:58  SCV, Medivac  
  92  9:09  Engineering Bay  
  92  9:23  Marine x5  
  92  9:24  Marauder, Marine  
  99  9:32  Medivac  
  101  9:38  Terran Infantry Armor Level 1  
  101  9:43  Marine  
  101  9:44  Marine  
  101  9:45  Marine  
  101  9:46  Marine  
  101  9:54  SCV  
  101  9:58  Marine, Widow Mine x2  
  101  10:08  Supply Depot  
  101  10:09  Supply Depot  
  101  10:11  Supply Depot  
  101  10:29  Medivac, Marine x6  
  101  10:30  Marine  
  101  10:31  Medivac  
  51  10:47  Marine x4  
  51  10:48  Marine, Marauder x2  
  58  11:05  Marine x4  
  58  11:06  Marine  
  58  11:08  Marine  
  55  11:15  Marine  
  51  11:23  Marine x4  
Tags
 
Add a new tag
Caveats
  • Supply blocks, unpowered buildings, or Contaminate may cause inaccurate times.
  • Supply counts are checked every 10 seconds.